 Dungeon Crawl Stone Soup version 0.27.1-1-g398f81649c (webtiles) character file.

Game seed: 5354650648807253426

79268 MisterFreud the Blocker (level 15, 0/120 HPs)
             Began as a Gnoll Fighter on Sept 5, 2021.
             Was the Champion of Dithmenos.
             Killed from afar by an orc sorcerer (54 damage)
             ... with a bolt of fire
             ... led by an orc knight
             ... on level 1 of the Orcish Mines.
             The game lasted 01:08:59 (29724 turns).

MisterFreud the Blocker (Gnoll Fighter)            Turns: 29724, Time: 01:09:05

Health: 0/120      AC: 13    Str: 17    XL:     15   Next: 63%
Magic:  29/29      EV: 14    Int: 13    God:    Dithmenos [******]
Gold:   1023       SH: 17    Dex: 11    Spells: 28/34 levels left

rFire    x . .     SeeInvis +   h - +9 quick blade
rCold    + . .     Faith    .   G - +5 kite shield {AC+3}
rNeg     + . .     Spirit   .   c - +2 leather armour {rN+}
rPois    .         Reflect  .   S - +1 hat {SInv}
rElec    .         Harm     .   s - +0 cloak
rCorr    .         Rampage  .   t - +0 pair of gloves
Will     ++...                  (no boots)
Stlth    +++++++...             w - amulet of the acrobat
HPRegen  0.30/turn              D - ring of willpower
MPRegen  0.21/turn              u - ring of ice

@: mighty, wreathed by umbra
A: fangs 1, strong nose, distributed training
a: Renounce Religion, Shadow Step, Shadow Form


You were on level 1 of the Orcish Mines.
You worshipped Dithmenos.
Dithmenos was exalted by your worship.
You visited 3 branches of the dungeon, and saw 21 of its levels.
You visited 1 bazaar.

You collected 1748 gold pieces.
You spent 725 gold pieces at shops.

Inventory:

Hand Weapons
 h - a +9 quick blade (weapon)
Missiles
 p - 10 boomerangs (quivered)
 v - 14 silver javelins
 C - a throwing net
 E - 26 poisoned darts
 M - 12 javelins
 T - 7 atropa-tipped darts
Armour
 c - a +2 leather armour of positive energy (worn)
 s - a +0 cloak (worn)
 t - a +0 pair of gloves (worn)
 G - a +5 kite shield of protection (worn)
 S - a +1 hat of see invisible (worn)
Jewellery
 a - a ring of see invisible
 m - a ring of flight
 r - a ring of resist corrosion
 u - a ring of ice (right hand)
 w - an amulet of the acrobat (around neck)
 x - a +6 ring of strength
 z - a ring of magical power
 D - a ring of willpower (left hand)
 N - a ring of poison resistance
 O - a +6 ring of intelligence
 W - a ring of positive energy
Wands
 f - a wand of flame (54)
 q - a wand of iceblast (16)
 y - a wand of paralysis (13)
 A - a wand of acid (19)
 H - a wand of digging (4)
 Q - a wand of polymorph (4)
Scrolls
 i - 7 scrolls of teleportation
 k - 2 scrolls of torment
 l - 2 scrolls of amnesia
 o - 2 scrolls of immolation
 I - 2 scrolls of magic mapping
 P - 9 scrolls of blinking
 R - 4 scrolls of fear
 U - 8 scrolls of identify
 Z - 2 scrolls of enchant armour
Potions
 b - a potion of resistance
 d - a potion of might
 e - 4 potions of curing
 g - 5 potions of mutation
 j - 2 potions of flight
 n - 4 potions of cancellation
 B - a potion of invisibility
 F - a potion of haste
 K - 2 potions of berserk rage
 V - 2 potions of magic
 X - 2 potions of attraction
 Y - 2 potions of brilliance
Miscellaneous
 L - a tin of tremorstones (2/2)


   Skills:
 + Level 11.9 Fighting
 + Level 11.1 Short Blades
 + Level 10.2 Long Blades
 + Level 10.2 Axes
 + Level 10.2 Maces & Flails
 + Level 10.2 Polearms
 + Level 10.2 Staves
 + Level 10.2 Slings
 + Level 10.2 Bows
 + Level 10.2 Crossbows
 + Level 10.2 Throwing
 + Level 11.9 Armour
 + Level 10.2 Dodging
 + Level 10.2 Stealth
 + Level 11.9 Shields
 + Level 10.2 Unarmed Combat
 + Level 10.2 Spellcasting
 + Level 8.6 Conjurations
 + Level 8.6 Hexes
 + Level 8.6 Summonings
 + Level 8.6 Necromancy
 + Level 8.6 Translocations
 + Level 8.6 Transmutations
 + Level 8.6 Fire Magic
 + Level 8.6 Ice Magic
 + Level 8.6 Air Magic
 + Level 8.6 Earth Magic
 + Level 8.6 Poison Magic
 + Level 11.0 Invocations
 + Level 10.2 Evocations


You had 28 spell levels left.
You knew the following spells:

 Your Spells              Type           Power      Damage    Failure   Level
a - Ozocubu's Armour      Ice            43%        N/A       1%          3
b - Swiftness             Air            29%        N/A       1%          3

Your spell library contained the following spells:

 Spells                   Type           Power      Damage    Failure   Level
 Animate Skeleton         Necr           58%        N/A       1%          1
 Apportation              Tloc           58%        N/A       1%          1
 Corona                   Hex            32%        N/A       1%          1
 Foxfire                  Conj/Fire      100%       2x1d9     1%          1
 Freeze                   Ice            100%       1d11      1%          1
 Magic Dart               Conj           100%       1d8       1%          1
 Shock                    Conj/Air       100%       1d9       1%          1
 Summon Small Mammal      Summ           100%       N/A       1%          1
 Corpse Rot               Necr/Air       N/A        N/A       1%          2
 Static Discharge         Conj/Air       29%        N/A       1%          2
 Sublimation of Blood     Necr           14%        N/A       1%          2
 Wereblood                Tmut           29%        N/A       1%          2
 Call Canine Familiar     Summ           29%        N/A       1%          3
 Dazzling Flash           Conj/Hex       58%        N/A       1%          3
 Portal Projectile        Hex/Tloc       58%        N/A       1%          3
 Airstrike                Air            14%        N/A       5%          4
 Dispel Undead            Necr           29%        3d13      5%          4
 Leda's Liquefaction      Hex/Erth       14%        N/A       5%          4
 Sticky Flame             Conj/Fire      29%        2d5       5%          4
 Agony                    Necr           29%        N/A       16%         5
 Fireball                 Conj/Fire      14%        3d8       16%         5
 Silence                  Hex/Air        14%        N/A       16%         5
 Death Channel            Necr           14%        N/A       63%         6
 Orb of Destruction       Conj           14%        9d7       99%         7
 Ozocubu's Refrigeration  Ice            21%        4d9       99%         7
 Spellforged Servitor     Conj/Summ      14%        N/A       99%         7
 Summon Hydra             Summ           14%        N/A       99%         7
 Lehudib's Crystal Spear  Conj/Erth      14%        10d5      100%        8


Dungeon Overview and Level Annotations

Branches:
Dungeon (13/15)            Temple (0/1) D:4            Lair (6/6) D:9
  Swamp (0/4) Lair:4        Snake (0/4) Lair:3        Slime (0/5) Lair:5
    Orc (2/2) D:11            Elf (0/3) Orc:2        Vaults (0/5) D:13

Altars:
Dithmenos
Elyvilon
Fedhas
Kikubaaqudgha
Nemelex Xobeh
Qazlal
Ru
Vehumet
Yredelemnul
The Shining One
Jiyva

Shops:
D:1 !   D:11 ?=

Portals:
Trove: D:13 (give horn of Geryon)

Annotations:
Lair:3 2 transporters
Lair:6 2 runed translucent doors
Orc:2 Nessos


Innate Abilities, Weirdness & Mutations

You have very sharp teeth.
Your uncanny sense of smell can sniff out nearby items.
Your experience applies equally to all skills.


Message History

Dithmenos accepts your kill.
You feel very mighty all of a sudden. You block the orc knight's attack.
You puncture the orc knight!
The orc knight is moderately wounded.
The orc warrior closely misses you.
You hit the orc knight.
The orc knight is moderately wounded.
You block the orc knight's attack.
The orc sorcerer casts a spell.
You closely miss the orc knight. You bite the orc knight.
The orc knight is moderately wounded.
You puncture the orc knight!
The orc knight is heavily wounded.
Your shadow hits the orc knight but does no damage.
You block the orc warrior's attack.
You puncture the orc knight!
The orc knight is severely wounded.
The orc knight closely misses you.
You puncture the orc knight!
The orc knight is almost dead.
Your shadow hits the orc knight with a quick blade.
You puncture the orc knight!
You kill the orc knight!
Dithmenos accepts your kill. The orc warrior barely misses you.
You hit the orc sorcerer. You bite the orc sorcerer.
The orc sorcerer is moderately wounded.
You impale the orc sorcerer!! Your bite misses the orc sorcerer.
The orc sorcerer is almost dead.
Your icy armour starts to melt.
You block the orc warrior's attack.
You barely miss the orc sorcerer.
The orc sorcerer is almost dead.
Your shadow closely misses the orc sorcerer.
The orc sorcerer gestures at you while chanting.
The bolt of fire hits you!!!
Your icy armour melts away.
The fire burns you terribly!
You die...

............
###............
##.#.....#...#..
#..........)....
#.....#.........
...............
#.).o......#
#@o3.)....
##).......
..)......
..).......
.#.........
...##....... ..
. ....... ## #.
.......


You could see a neqoxec (summoned), an orc sorcerer (strong) and an orc warrior
(strong).

Vanquished Creatures
  Gastronok (Lair:3)
  Kirke (D:13)
  2 vault guards (D:13)
  2 boulder beetles
  17 hydras
  3 centaur warriors (D:13)
  A catoblepas (Lair:6)
  2 two-headed ogres
  A tengu warrior (D:13)
  Nergalle (Orc:1)
  A fire crab (D:13)
  A wizard (D:13)
  A lindwurm (Lair:6)
  2 orc knights (Orc:1)
  An ugly thing (D:9)
  A deep elf archer (D:13)
  2 deep elf pyromancers
  A wolf spider (D:13)
  2 orc sorcerers (Orc:2)
  2 cyclopes (D:12)
  10 elephants
  A manticore (shapeshifter) (D:13)
  2 molten gargoyles (Lair:6)
  2 manticores (D:11)
  9 black mambas
  4 rime drakes
  12 cane toads
  An unseen horror (D:12)
  15 komodo dragons
  A meliai (shapeshifter) (D:12)
  A tyrant leech (Lair:4)
  4 polar bears
  2 trolls
  6 dream sheep (Lair:6)
  Grinder (D:3)
  25 blink frogs
  A hornet (D:9)
  2 vampires
  Sigmund (D:5)
  A wraith (D:13)
  6 wyverns
  5 water elementals (D:13)
  46 yaks
  3 steam dragons
  23 humans (D:13)
  8 vampire mosquitoes
  7 basilisks
  2 wargs
  2 acid dragons
  23 water moccasins
  3 hell hounds (Lair:6)
  A hornet zombie (D:7)
  19 orc warriors
  5 black bears
  2 ice beasts
  3 sky beasts
  2 necrophages
  8 ogres
  12 centaurs
  17 wolves
  A phantom (D:7)
  10 bullfrogs
  A gnoll sergeant (D:8)
  A wyvern zombie (D:6)
  A scorpion (D:5)
  12 wights
  10 killer bees
  3 howler monkeys
  4 electric eels
  7 crimson imps
  A bullfrog zombie (D:6)
  5 lava snakes (Lair:6)
  A bullfrog skeleton (D:5)
  15 orc priests
  5 centaur zombies
  A gnoll shaman (D:8)
  Crazy Yiuf (D:5)
  4 hounds
  2 centaur skeletons (D:4)
  3 iguanas
  Jessica (D:13)
  16 orc wizards
  Ijyb (D:5)
  4 hell rats (Lair:6)
  2 human simulacra (D:12)
  A howler monkey zombie (D:9)
  9 gnolls (D:8)
  A howler monkey skeleton (D:6)
  10 adders
  2 shadow imps (D:9)
  3 white imps
  An ufetubus (D:5)
  An adder skeleton (D:4)
  3 worms
  59 orcs
  8 endoplasms
  5 giant cockroaches
  8 hobgoblins
  5 jackals (D:4)
  5 kobolds
  A quokka (D:1)
  6 ball pythons
  5 bats
  2 frilled lizards (D:2)
  4 goblins (D:1)
  A rat (D:1)
595 creatures vanquished.

Vanquished Creatures (others)
  4 humans (D:13)
  A howler monkey (D:9)
  2 orc priests (Orc:2)
  An orc wizard (Orc:2)
  3 orcs
  40 fungi
  51 plants
102 creatures vanquished.

Grand Total: 697 creatures vanquished

Notes
Turn   | Place    | Note
-------+----------+-------------------------------------------
     0 | D:1      | MisterFreud the Gnoll Fighter began the quest for the Orb.
     0 | D:1      | Reached XP level 1. HP: 23/23 MP: 1/1
    11 | D:1      | Found Suorinkext's Distillery.
   249 | D:1      | Reached XP level 2. HP: 29/29 MP: 2/2
   725 | D:1      | Reached XP level 3. HP: 31/35 MP: 3/3
   925 | D:2      | Reached skill level 1 in Invocations
  1033 | D:2      | Reached skill level 1 in Long Blades
  1033 | D:2      | Reached skill level 1 in Axes
  1033 | D:2      | Reached skill level 1 in Maces & Flails
  1033 | D:2      | Reached skill level 1 in Polearms
  1033 | D:2      | Reached skill level 1 in Staves
  1033 | D:2      | Reached skill level 1 in Slings
  1033 | D:2      | Reached skill level 1 in Bows
  1033 | D:2      | Reached skill level 1 in Crossbows
  1033 | D:2      | Reached skill level 1 in Throwing
  1033 | D:2      | Reached skill level 1 in Dodging
  1033 | D:2      | Reached skill level 1 in Stealth
  1033 | D:2      | Reached skill level 1 in Unarmed Combat
  1033 | D:2      | Reached skill level 1 in Spellcasting
  1033 | D:2      | Reached skill level 1 in Evocations
  1118 | D:2      | Found a faded altar of an unknown god.
  1145 | D:2      | Became a worshipper of Dithmenos the Shadowed
  1145 | D:2      | Reached * piety under Dithmenos
  1217 | D:2      | Reached XP level 4. HP: 41/41 MP: 5/5
  1903 | D:3      | Noticed Grinder
  1917 | D:3      | Killed Grinder
  1918 | D:3      | Reached skill level 1 in Conjurations
  1918 | D:3      | Reached skill level 1 in Hexes
  1918 | D:3      | Reached skill level 1 in Summonings
  1918 | D:3      | Reached skill level 1 in Necromancy
  1918 | D:3      | Reached skill level 1 in Translocations
  1918 | D:3      | Reached skill level 1 in Transmutations
  1918 | D:3      | Reached skill level 1 in Fire Magic
  1918 | D:3      | Reached skill level 1 in Ice Magic
  1918 | D:3      | Reached skill level 1 in Air Magic
  1918 | D:3      | Reached skill level 1 in Earth Magic
  1918 | D:3      | Reached skill level 1 in Poison Magic
  1918 | D:3      | Reached XP level 5. HP: 23/47 MP: 5/7
  1918 | D:3      | Reached XP level 6. HP: 26/53 MP: 5/8
  2491 | D:4      | HP: 2/53 [iguana (10)]
  2903 | D:4      | Reached skill level 5 in Short Blades
  2924 | D:4      | Found a staircase to the Ecumenical Temple.
  3050 | D:4      | Reached XP level 7. HP: 50/59 MP: 10/10
  3648 | D:5      | Entered Level 5 of the Dungeon
  3658 | D:4      | Reached ** piety under Dithmenos
  3817 | D:5      | Noticed Ijyb
  3835 | D:5      | Killed Ijyb
  3985 | D:5      | Noticed Sigmund
  3997 | D:5      | Killed Sigmund
  4049 | D:5      | Reached XP level 8. HP: 54/67 MP: 12/12
  4124 | D:5      | Found a basalt altar of Yredelemnul.
  4221 | D:5      | Found a runed translucent door.
  4222 | D:5      | Noticed Crazy Yiuf
  4604 | D:4      | Identified a scroll of acquirement
  4604 | D:4      | Acquired a +6 quick blade
  5294 | D:5      | Killed Crazy Yiuf
  5416 | D:6      | Noticed a yak
  5416 | D:6      | Noticed a yak
  5416 | D:6      | Noticed a yak
  5416 | D:6      | Noticed a yak
  5429 | D:6      | Noticed a yak
  5443 | D:6      | Killed a yak
  5454 | D:6      | Killed a yak
  5455 | D:6      | Reached XP level 9. HP: 60/73 MP: 14/14
  5932 | D:6      | Found a stormy altar of Qazlal.
  5935 | D:6      | Found a sacrificial altar of Ru.
  5939 | D:6      | Found a white marble altar of Elyvilon.
  6226 | D:6      | Reached *** piety under Dithmenos
  6242 | D:7      | Reached skill level 5 in Invocations
  6548 | D:7      | Identified the +6 quarterstaff of the Crypt {flame, MP+9
                  | Str+6 Int+4}
  6556 | D:7      | Reached XP level 10. HP: 80/80 MP: 17/17
  6927 | D:9      | Noticed a green ugly thing
  6947 | D:9      | Killed a green ugly thing
  6948 | D:9      | Reached skill level 5 in Long Blades
  6948 | D:9      | Reached skill level 5 in Axes
  6948 | D:9      | Reached skill level 5 in Maces & Flails
  6948 | D:9      | Reached skill level 5 in Polearms
  6948 | D:9      | Reached skill level 5 in Staves
  6948 | D:9      | Reached skill level 5 in Slings
  6948 | D:9      | Reached skill level 5 in Bows
  6948 | D:9      | Reached skill level 5 in Crossbows
  6948 | D:9      | Reached skill level 5 in Throwing
  6948 | D:9      | Reached skill level 5 in Dodging
  6948 | D:9      | Reached skill level 5 in Stealth
  6948 | D:9      | Reached skill level 5 in Unarmed Combat
  6948 | D:9      | Reached skill level 5 in Spellcasting
  6948 | D:9      | Reached skill level 5 in Evocations
  7604 | D:8      | Reached **** piety under Dithmenos
  8212 | D:9      | Found a shadowy altar of Dithmenos.
  8747 | D:9      | Reached XP level 11. HP: 64/87 MP: 19/19
  8858 | D:9      | Found a sparkling altar of Nemelex Xobeh.
  8862 | D:9      | Found a staircase to the Lair.
  9089 | D:9      | Found an ancient bone altar of Kikubaaqudgha.
  9163 | D:10     | Entered Level 10 of the Dungeon
  9288 | Lair:1   | Entered Level 1 of the Lair of Beasts
  9541 | Lair:1   | Reached skill level 5 in Conjurations
  9541 | Lair:1   | Reached skill level 5 in Hexes
  9541 | Lair:1   | Reached skill level 5 in Summonings
  9541 | Lair:1   | Reached skill level 5 in Necromancy
  9541 | Lair:1   | Reached skill level 5 in Translocations
  9541 | Lair:1   | Reached skill level 5 in Transmutations
  9541 | Lair:1   | Reached skill level 5 in Fire Magic
  9541 | Lair:1   | Reached skill level 5 in Ice Magic
  9541 | Lair:1   | Reached skill level 5 in Air Magic
  9541 | Lair:1   | Reached skill level 5 in Earth Magic
  9541 | Lair:1   | Reached skill level 5 in Poison Magic
  9934 | Lair:1   | Found a stormy altar of Qazlal.
  9941 | Lair:1   | Noticed a six-headed hydra
  9975 | Lair:1   | Killed a six-headed hydra
 10110 | Lair:1   | Noticed an eight-headed hydra
 10124 | Lair:1   | Killed an eight-headed hydra
 11331 | Lair:2   | Reached ***** piety under Dithmenos
 11515 | D:8      | Learned a level 3 spell: Ozocubu's Armour
 11633 | Lair:2   | Reached XP level 12. HP: 90/96 MP: 19/22
 13032 | Lair:3   | Noticed a seven-headed hydra
 13117 | Lair:3   | Killed a seven-headed hydra
 13228 | Lair:3   | Noticed a five-headed hydra
 13253 | Lair:3   | Killed a five-headed hydra
 13318 | Lair:3   | Reached skill level 10 in Fighting
 13318 | Lair:3   | Reached skill level 10 in Armour
 13318 | Lair:3   | Reached skill level 10 in Shields
 13451 | Lair:3   | Found a transporter.
 13663 | Lair:3   | Found a staircase to the Snake Pit.
 13775 | Lair:3   | Noticed Gastronok
 13818 | Lair:3   | Killed Gastronok
 14118 | Lair:3   | Found a transporter.
 14258 | Lair:3   | Reached XP level 13. HP: 89/103 MP: 21/24
 16181 | Lair:4   | Found a staircase to the Swamp.
 17779 | Lair:5   | Found a glowing golden altar of the Shining One.
 18219 | Lair:5   | Found a viscous altar of Jiyva.
 18219 | Lair:5   | Found a staircase to the Slime Pits.
 18560 | Lair:6   | Entered Level 6 of the Lair of Beasts
 18596 | Lair:6   | Reached XP level 14. HP: 99/111 MP: 23/26
 18665 | Lair:6   | Reached skill level 10 in Short Blades
 19087 | Lair:6   | Found a blossoming altar of Fedhas.
 19518 | Lair:6   | Reached skill level 10 in Invocations
 19941 | Lair:6   | Acquired Han Qeedaot's Almanac of Battle Magic
 20524 | Lair:6   | Found a large runed translucent door.
 20524 | Lair:6   | Found a large runed translucent door.
 22479 | D:10     | Found a radiant altar of Vehumet.
 23256 | D:11     | Found Pihekku's Magic Scroll Shoppe.
 23270 | D:11     | Found Neremyocky's Jewellery Shoppe.
 23381 | D:11     | Found a sacrificial altar of Ru.
 23514 | D:11     | Bought a scroll of blinking for 97 gold pieces
 23514 | D:11     | Bought a scroll of enchant armour for 97 gold pieces
 23823 | D:11     | Found a staircase to the Orcish Mines.
 24319 | D:12     | Reached ****** piety under Dithmenos
 24454 | D:12     | Got Wizardry for Dummies
 25211 | D:12     | Reached XP level 15. HP: 119/119 MP: 24/28
 25402 | D:13     | Noticed Kirke
 25427 | D:13     | Killed Kirke
 25453 | D:13     | Found a portal to a secret trove of treasure.
 25912 | D:13     | Found a gate to the Vaults.
 26253 | D:13     | Identified the +2 leather armour of Fallacy {*Corrode rPois
                  | rN+ Stlth+}
 26417 | D:13     | Learned a level 3 spell: Swiftness
 27046 | D:13     | Found a sparkling altar of Nemelex Xobeh.
 27046 | D:13     | Noticed Jessica
 27049 | D:13     | Killed Jessica
 27349 | D:13     | Reached skill level 10 in Long Blades
 27349 | D:13     | Reached skill level 10 in Axes
 27349 | D:13     | Reached skill level 10 in Maces & Flails
 27349 | D:13     | Reached skill level 10 in Polearms
 27349 | D:13     | Reached skill level 10 in Staves
 27349 | D:13     | Reached skill level 10 in Slings
 27349 | D:13     | Reached skill level 10 in Bows
 27349 | D:13     | Reached skill level 10 in Crossbows
 27349 | D:13     | Reached skill level 10 in Throwing
 27349 | D:13     | Reached skill level 10 in Dodging
 27349 | D:13     | Reached skill level 10 in Stealth
 27349 | D:13     | Reached skill level 10 in Unarmed Combat
 27349 | D:13     | Reached skill level 10 in Spellcasting
 27349 | D:13     | Reached skill level 10 in Evocations
 27880 | Orc:1    | Entered Level 1 of the Orcish Mines
 28693 | Orc:2    | Entered Level 2 of the Orcish Mines
 28693 | Orc:2    | Found a staircase to the Elven Halls.
 28872 | Orc:2    | Found a flickering gateway to a bazaar.
 28882 | Bazaar   | Entered a bazaar
 29053 | Bazaar   | Found Wutz's Weapon Shoppe.
 29082 | Bazaar   | Found Ocoogah's Magic Scroll Shoppe.
 29120 | Bazaar   | Bought a scroll of enchant armour for 135 gold pieces
 29120 | Bazaar   | Bought a scroll of blinking for 135 gold pieces
 29120 | Bazaar   | Bought a scroll of magic mapping for 63 gold pieces
 29120 | Bazaar   | Bought a scroll of magic mapping for 63 gold pieces
 29120 | Bazaar   | Bought a scroll of blinking for 135 gold pieces
 29634 | Orc:2    | Noticed Nessos
 29662 | Orc:1    | Noticed Nergalle
 29671 | Orc:1    | Killed Nergalle
 29724 | Orc:1    | Killed from afar by an orc sorcerer

Illustrated notes

Levels and vault maps discovered:
D:1:      dpeg_arrival_tiny_i, layout_basic, serial_shops, nicolae_shop_stone,
          hangedman_decor_points, minmay_pentomino_v4
D:2:      layout_basic, shapermc_ecumenical_altar_mp_urbaneastern,
          minmay_3d_cube
D:3:      layout_basic, interstate_on_off, uniq_grinder
D:4:      layout_basic, minmay_temple_entry_large_hall, chequers_hall_statues_y
D:5:      layout_basic, old_standard_altar, minmay_fire_ice_demons,
          uniq_sigmund, uniq_crazy_yiuf_cottage, uniq_ijyb
D:6:      layout_loops_ring, grunt_temple_overflow_diamond
D:7:      layout_gridville
D:8:      layout_basic, minmay_orc_keep
D:9:      layout_rooms, mainiacjoe_overflow_alcove_4,
          nicolae_dithmenos_the_darkroom, kiku_gazebo_pond_becter,
          lair_entry_dummy, minmay_nine_imps
D:10:     layout_stronghold, mainiacjoe_overflow_chevrons, corexii_corridor_pit
D:11:     layout_roguey, david_orc_4, serial_shops,
          nicolae_shop_window_shopping, shop_fountains, hangedman_ru_absence
D:12:     layout_roguey, bh_circular_ruins
D:13:     minmay_the_grid_square_5x5_4x4_mashed
          [minmay_the_grid_square_5x5_beaten_path,
          minmay_the_grid_square_5x5_tetrominoes,
          minmay_the_grid_square_5x5_seven, minmay_the_grid_square_5x5_comb,
          minmay_the_grid_square_5x5_tie,
          minmay_the_grid_square_5x5_prize_waves,
          minmay_the_grid_square_5x5_prize_rear_guard,
          minmay_the_grid_square_5x5_c, minmay_the_grid_square_5x5_lines,
          minmay_the_grid_square_5x5_prize_snowflake,
          minmay_the_grid_square_5x5_prize_deathbox,
          minmay_the_grid_square_5x5_shrine2,
          minmay_the_grid_square_5x5_misaligned, minmay_the_grid_square_5x5_v,
          minmay_the_grid_square_5x5_longway,
          minmay_the_grid_square_5x5_inner_v], layout_basic,
          grunt_vaults_entry_tiered, nicolae_trove_entry_free_sample,
          kennysheep_nub, nemelex_lonely_heart_becter, uniq_kirke
Lair:1:   layout_long_grid, basic_altar, minivault_26, lemuel_fruit_tree,
          serial_bayou_shore_a, infiniplex_staircase_pool_2
Lair:2:   layout_roguey
Lair:3:   gammafunk_worm_tunnel, layout_cave_pods,
          minmay_snake_entry_six_corridors, uniq_gastronok
Lair:4:   layout_regular_city, palyth_hydra_swamp_entry
Lair:5:   layout_gridlike, slime_altar_1, lemuel_centaur_altar
Lair:6:   cheibrodos_lair_end_hotspot, layout_small_grid, basic_altar,
          serial_bayou_shore_b
Orc:1:    layout_caves, uniq_nergalle
Orc:2:    st_orc_pillars, layout_caves, serial_shops, freezing_bzr, uniq_nessos

Skill      XL: |  1  2  3  4  5  6  7  8  9 10 11 12 13 14 15 |
---------------+----------------------------------------------+-----
Invocations    | 1 2 3 4 5 6 7 8 9 10 11 | 11.0
Long Blades    | 1 2 3 4 5 6 7 8 9 10 | 10.2
Axes           | 1 2 3 4 5 6 7 8 9 10 | 10.2
Maces & Flails | 1 2 3 4 5 6 7 8 9 10 | 10.2
Polearms       | 1 2 3 4 5 6 7 8 9 10 | 10.2
Staves         | 1 2 3 4 5 6 7 8 9 10 | 10.2
Slings         | 1 2 3 4 5 6 7 8 9 10 | 10.2
Bows           | 1 2 3 4 5 6 7 8 9 10 | 10.2
Crossbows      | 1 2 3 4 5 6 7 8 9 10 | 10.2
Throwing       | 1 2 3 4 5 6 7 8 9 10 | 10.2
Dodging        | 1 2 3 4 5 6 7 8 9 10 | 10.2
Stealth        | 1 2 3 4 5 6 7 8 9 10 | 10.2
Unarmed Combat | 1 2 3 4 5 6 7 8 9 10 | 10.2
Spellcasting   | 1 2 3 4 5 6 7 8 9 10 | 10.2
Evocations     | 1 2 3 4 5 6 7 8 9 10 | 10.2
Conjurations   | 1 2 3 4 5 6 7 8 |  8.6
Hexes          | 1 2 3 4 5 6 7 8 |  8.6
Summonings     | 1 2 3 4 5 6 7 8 |  8.6
Necromancy     | 1 2 3 4 5 6 7 8 |  8.6
Translocations | 1 2 3 4 5 6 7 8 |  8.6
Transmutations | 1 2 3 4 5 6 7 8 |  8.6
Fire Magic     | 1 2 3 4 5 6 7 8 |  8.6
Ice Magic      | 1 2 3 4 5 6 7 8 |  8.6
Air Magic      | 1 2 3 4 5 6 7 8 |  8.6
Earth Magic    | 1 2 3 4 5 6 7 8 |  8.6
Poison Magic   | 1 2 3 4 5 6 7 8 |  8.6
Short Blades   | 5 6 7 8 9 10 11 | 11.1
Fighting       | 7 8 9 10 11 | 11.9
Armour         | 7 8 9 10 11 | 11.9
Shields        | 7 8 9 10 11 | 11.9

Action                   |  1- 3 |  4- 6 |  7- 9 | 10-12 | 13-15 || total
-------------------------+-------+-------+-------+-------+-------++-------
Melee: Rapier            |    72 |    10 |   113 |       |       ||   195
       Bite              |    12 |    24 |    54 |   112 |   280 ||   482
       Dagger            |    48 |   177 |    26 |       |       ||   251
       Quick blade       |       |       |   251 |  1017 |  2198 ||  3466
Throw: Boomerang         |       |     3 |     8 |    18 |   143 ||   172
       Dart              |       |       |       |       |     2 ||     2
 Cast: Ozocubu's Armour  |       |       |       |    17 |    87 ||   104
Invok: Shadow Step       |       |       |       |     1 |     3 ||     4
Evoke: Wand              |       |       |     3 |     4 |     7 ||    14
       Tin of tremorston |       |       |       |       |     1 ||     1
  Use: Potion            |       |     2 |     1 |       |     2 ||     5
       Scroll            |       |     2 |    13 |     5 |    18 ||    38
 Stab: Paralysed         |       |       |     4 |       |       ||     4
       Sleeping          |       |       |       |    15 |    34 ||    49
       Distracted        |       |       |       |       |     7 ||     7
       Invisible         |       |       |       |       |     1 ||     1
       Petrified         |       |       |       |       |     1 ||     1
Armor: Scale mail        |    52 |    56 |    98 |    76 |       ||   282
       Leather armour    |       |       |       |    43 |   276 ||   319
Dodge: Dodged            |    45 |    55 |   102 |   239 |   550 ||   991
Block: Kite shield       |    64 |    79 |   146 |   323 |   791 ||  1403
